 Dungeon Crawl Stone Soup version 0.31.0-12-g77e489cdc1 (webtiles) character file.

Game seed: 11457269004070322353

175 lordive the Ruffian (level 5, 0/34 HPs)
             Began as an Octopode Shapeshifter on Feb 29, 2024.
             Slain by a phantom (1 damage)
             ... on level 3 of the Dungeon.
             The game lasted 00:03:52 (2369 turns).

lordive the Ruffian (Octopode Shapeshifter)         Turns: 2369, Time: 00:03:52

Health: 0/34       AC:  1    Str: 13    XL:     5   Next: 55%
Magic:  5/5        EV: 13    Int: 15    God:
Gold:   62         SH:  0    Dex: 11    Spells: 4/4 levels left

rFire   . .          .
                       - Unarmed
rCold   . . .        (no shield)
rNeg    . . .        (helmet currently unavailable)
rPois   .            (no amulet)
rElec   .            (no ring)
rCorr   .            (no ring)
SInv    .            (no ring)
Will    .....        (no ring)
Stlth   ++           (no ring)
HPRegen 0.25/turn    (no ring)
MPRegen 0.09/turn    (no ring)
                     (no ring)

%: no passive effects
@: beast-form, attractive
A: beast (slay +2), almost no armour, amphibious, 8 rings, camouflage 1,
gelatinous body 1, (nimble swimmer 1), tentacles
a: Begin Untransformation


You were on level 3 of the Dungeon.
You were a hulking beast.
You visited 1 branch of the dungeon, and saw 3 of its levels.

You collected 62 gold pieces.

Inventory:

Talismans
 b - a beast talisman
 c - a flux talisman
 o - a blade talisman
Scrolls
 d - a scroll of immolation {unknown}
 e - a scroll of enchant armour {unknown}
 g - 3 scrolls of identify {unknown}
 j - a scroll of silence {unknown}
 k - a scroll of butterflies {unknown}
 m - 2 scrolls of teleportation {unknown}
 p - a scroll of enchant weapon {unknown}
 q - a scroll of brand weapon {unknown}
 r - a scroll of amnesia {unknown}
Potions
 a - 2 potions of lignification
 h - a potion of attraction
 l - a potion of cancellation {unknown}
 n - a potion of haste {unknown}


   Skills:
 + Level 1.8 Fighting
 + Level 2.4 Dodging
 + Level 4.4 Unarmed Combat
 * Level 4.2 Shapeshifting


You had 4 spell levels left.
You didn't know any spells.
Your spell library was empty.

Dungeon Overview and Level Annotations

Branches:
Dungeon (3/15)

Altars:
Cheibriados
Qazlal
Uskayaw


Innate Abilities, Weirdness & Mutations

You are a hulking beast.
Your limbs bulge with bestial killing power. (Slay +2)
You cannot wear most types of armour.
You are amphibious.
You can wear up to eight rings at the same time.
Your skin changes colour to match your surroundings (Stealth+).
Your rubbery body absorbs attacks. (AC +1, EV +1)
((You are camouflaged when in or above water. (Stealth+)))
You have tentacles for arms and can constrict up to eight enemies at once.


Message History

Your tentacle-slap misses the phantom.
You squeeze the phantom!
The phantom is heavily damaged.
The phantom hits you.
The phantom blinks!
You blink.
Found a stone staircase leading down.
You tentacle-slap the phantom but do no damage.
Your tentacle-slap misses the phantom.
Your squeeze misses the phantom.
The phantom is heavily damaged.
The phantom closely misses you.
The gnoll hits you from afar with a +2 heavy halberd!!
Ouch! That really hurt!
* * * LOW HITPOINT WARNING * * *
Okay, then.
The phantom hits you.
* * * LOW HITPOINT WARNING * * *
The phantom blinks!
You blink.
The phantom barely misses you.
It was a potion of attraction.
You feel attractive to monsters. The phantom completely misses you.
It was a potion of curing.
You feel better. The phantom hits you.
The gnoll hits you from afar with a +2 heavy halberd.
* * * LOW HITPOINT WARNING * * *
It was a potion of heal wounds.
You feel much better. The phantom hits you.
The phantom blinks!
You blink.
Found a spear and a +0 flail.
The gnoll is attracted toward you. The phantom attacks as it pursues you!
The phantom hits you.
The phantom blinks!
You blink.
The gnoll attacks as it pursues you!
The gnoll hits you from afar with a +2 heavy halberd!
The phantom attacks as it pursues you! The phantom hits you.
The phantom blinks!
You blink.
The gnoll is attracted toward you. The phantom attacks as it pursues you!
The phantom barely misses you. The gnoll barely misses you.
The gnoll is attracted toward you. The phantom attacks as it pursues you!
The phantom hits you.
* * * LOW HITPOINT WARNING * * *
The phantom blinks!
You blink.
The phantom attacks as it pursues you! The phantom hits you!
* * * LOW HITPOINT WARNING * * *
The phantom blinks!
You blink.
The phantom attacks as it pursues you! The phantom hits you.
You die...

####.#####
#.#....##.#..)#.####.#
##.......#
#.#.##.##....>.......#
.........# #.#.##.# #..........#
##.......#
#.#.##.####.#...####.# #.......#
#..............g..## #...†...#
#..............)......
#.......###.#.####..............
#.......#.............#.###.####
#.......#.#.#..hW.....#.# .#
#########.#.###.#..#..#.###.#
#.#.# #....#......... ###.#.#
#.#..#...####.# #.....#
#.#..#...# #.#.#.# #.#..#...#
#.#.#.# #........#
#####.#.........###..#
#.....###.###..# ..#


You could see a phantom.

Vanquished Creatures
  A bombardier beetle (D:3)
  An iguana (D:2)
  2 gnolls (D:3)
  3 adders
  2 ribbon worms (D:2)
  4 dart slugs
  8 endoplasms
  A giant cockroach (D:2)
  5 goblins
  7 hobgoblins
  2 kobolds
  3 quokkas
  7 ball pythons
  4 bats
  A frilled lizard (D:2)
  8 rats
59 creatures vanquished.

Notes
Turn   | Place    | Note
-------+----------+-------------------------------------------
     0 | D:1      | lordive the Octopode Shapeshifter began the quest for the
                  | Orb.
     0 | D:1      | Reached XP level 1. HP: 13/13 MP: 1/1
    91 | D:1      | Reached XP level 2. HP: 13/18 MP: 2/2
   390 | D:1      | Reached XP level 3. HP: 23/23 MP: 3/3
   974 | D:2      | Found a snail-covered altar of Cheibriados.
  1104 | D:2      | Reached XP level 4. HP: 21/28 MP: 4/4
  1930 | D:3      | Found a stormy altar of Qazlal.
  1956 | D:3      | Noticed a +0 dagger
  1956 | D:3      | Noticed a +0 dagger
  1957 | D:3      | Found a hide-covered altar of Uskayaw.
  1968 | D:3      | Reached XP level 5. HP: 30/34 MP: 5/5
  2345 | D:3      | Noticed a phantom
  2367 | D:3      | HP: 1/34 [phantom (7)]
  2369 | D:3      | Slain by a phantom

Illustrated notes

Levels and vault maps discovered:
D:1:      nzn_arrival_water_spiral, layout_loops_ring, minmay_ruptured
D:2:      layout_basic, serial_forest, infiniplex_forest_zigzag_2,
          infiniplex_forest_lined_2, infiniplex_forest_straight_3,
          infiniplex_forest_clump_long, infiniplex_forest_lined_corner,
          infiniplex_forest_clump_diagonal, basic_altar,
          nicolae_elevator_lobby_asterisk
D:3:      layout_basic, dancing_weapons_uskayaw, nicolae_qazlal_eye_of_the_storm

Skill      XL: |  1  2  3  4 |
---------------+-------------+-----
Shapeshifting  | 4 |  4.2
Unarmed Combat | 4 |  4.4
Fighting       | |  1.8
Dodging        | |  2.4

Action                     |  1- 3 |  4- 6 || total
---------------------------+-------+-------++-------
  Melee: Unarmed           |    73 |    47 ||   120
         Tentacles         |    12 |     6 ||    18
         Constrict         |    17 |     9 ||    26
         Punch             |     1 |       ||     1
    Use: Potion            |       |     3 ||     3
   Stab: Sleeping          |     4 |     5 ||     9
 Armour: Skin              |    33 |    33 ||    66
  Dodge: Dodged            |    40 |    26 ||    66
